 Dungeon Crawl Stone Soup version 0.30-a0-149-g7f746667c4 (webtiles) character file.

Game seed: 13221680329932710500

9705 purpskrrrp the Blocker (level 11, -1/87 HPs)
             Began as a Formicid Fighter on Sept 26, 2022.
             Was a High Priest of Nemelex Xobeh.
             Slain by Sonja
             ... wielding a +0 dagger of distortion
              (22 damage)
             ... on level 11 of the Dungeon.
             The game lasted 00:35:47 (13005 turns).

purpskrrrp the Blocker (Formicid Fighter)          Turns: 13005, Time: 00:35:50

Health: -1/87      AC:  7    Str: 25    XL:     11   Next: 79%
Magic:  16/17      EV: 15    Int: 12    God:    Nemelex Xobeh [*****.]
Gold:   659        SH: 19    Dex: 11    Spells: 10/10 levels left

rFire   . . .      SeeInvis +    z - +6 war axe "Ykudukh" {drain, rPois rC+ Int+4 Dex-2}
rCold   + . .      Faith    .    e - +2 tower shield
rNeg    . . .      Spirit   .    x - +1 leather armour "Avvodo" {rElec rCorr}
rPois   +          Reflect  .    (helmet unavailable)
rElec   +          Harm     .    s - +0 cloak
rCorr   +          Rampage  .    (no gloves)
Will    +....                    n - +0 pair of boots
Stlth   +.........               P - amulet of the acrobat
HPRegen 0.24/turn                y - ring of flight
MPRegen 0.15/turn                G - +4 ring of evasion

@: mighty, flying
A: permanent stasis, dig shafts and tunnels, antennae 3, four strong arms
a: Dig, Shaft Self, Renounce Religion, Draw Escape, Draw Destruction, Draw
Summoning, Triple Draw, Deal Four, Stack Five


You were on level 11 of the Dungeon.
You worshipped Nemelex Xobeh.
Nemelex Xobeh was extremely pleased with you.
You visited 1 branch of the dungeon, and saw 11 of its levels.

You collected 681 gold pieces.
You spent 22 gold pieces at shops.

Inventory:

Hand Weapons
 a - a +0 quarterstaff
 r - a +2 quarterstaff of chaos
 v - a +2 trident of freezing
 z - the +6 war axe "Ykudukh" (weapon) {drain, rPois rC+ Int+4 Dex-2}
   (You found it on level 5 of the Dungeon)

   A truly terrible weapon, it drains the life of any living foe it strikes.
   Int:       It affects your intelligence (+4).
   Dex:       It affects your dexterity (-2).
   rC:        It protects you from cold.
   rPois:     It protects you from poison.
 C - a +2 antimagic spear
 J - a +2 falchion of holy wrath
 M - a +5 war axe
 N - a +4 halberd
 O - a +4 dire flail
Missiles
 k - a throwing net
Armour
 b - a +0 scale mail
 c - a +0 buckler
 e - a +2 tower shield (worn)
 i - a +0 robe of the Archmagi
 n - a +0 pair of boots (worn)
 s - a +0 cloak (worn)
 t - a +0 chain mail
 x - the +1 leather armour "Avvodo" (worn) {rElec rCorr}
   (You found it on level 4 of the Dungeon)

   rElec:     It insulates you from electricity.
   rCorr:     It protects you from acid and corrosion.
 E - a +0 plate armour
Jewellery
 y - a ring of flight (left hand)
 G - a +4 ring of evasion (right hand)
 H - an amulet of magic regeneration
 L - a ring of wizardry
 P - an amulet of the acrobat (around neck)
Wands
 o - a wand of polymorph (1)
 p - a wand of flame (14)
 u - a wand of paralysis (18)
 F - a wand of digging (2)
 I - a wand of roots (4)
Scrolls
 h - a scroll of silence
 q - 2 scrolls of poison
 w - 5 scrolls of vulnerability
 D - a scroll of identify
 K - a scroll of enchant weapon
 Q - a scroll of immolation {unknown}
Potions
 d - a potion of might
 f - 2 potions of attraction
 g - a potion of degeneration
 j - a potion of berserk rage
 l - 5 potions of curing
 m - 3 potions of invisibility
 A - a potion of lignification
 B - a potion of haste
 R - a potion of brilliance {unknown}


   Skills:
 + Level 8.5 Fighting
 * Level 6.7 Axes
 - Level 4.3 Staves
 + Level 6.4 Armour
 - Level 4.4 Dodging
 * Level 13.7 Shields
 + Level 8.1 Invocations


You had 10 spell levels left.
You didn't know any spells.
Your spell library contained the following spells:

 Spells                   Type           Power      Damage    Failure   Level
 Tukima's Dance           Hex            0%         N/A       97%         3
 Passage of Golubria      Tloc           0%         N/A       100%        4
 Alistair's Intoxication  Tmut/Pois      0%         N/A       100%        5
 Borgnjor's Vile Clutch   Necr/Erth      0%         N/A       100%        5
 Yara's Violent Unravell  Hex/Tmut       0%         3d3       100%        5
 Eringya's Noxious Bog    Tmut/Pois      0%         N/A       100%        6


Dungeon Overview and Level Annotations

Branches:
Dungeon (11/15)            Temple (0/1) D:4            Lair (0/5) D:10
    Orc (0/2) D:9

Altars:
Cheibriados
Dithmenos
Elyvilon
Fedhas
Makhleb
Nemelex Xobeh
Okawaru
Yredelemnul
Zin

Shops:
D:5 ?   D:8 :

Annotations:
D:11 Sonja


Innate Abilities, Weirdness & Mutations

You cannot be hasted, slowed, berserked, paralysed or teleported.
You can dig through walls and to a lower floor.
You have a pair of large antennae on your head. (SInv)
Your four strong arms can wield two-handed weapons with a shield.


Message History

Your Invocations skill increases to level 8!
Sonja, the Graceful Assassin comes into view.
She is wielding a +0 dagger of distortion, quivering curare-tipped darts and carrying a wand of mindburst (7).
Sonja shouts!
You block the boulder beetle's attack.
The boulder beetle stops rolling and uncurls.
You slash the boulder beetle!
The boulder beetle is almost dead.
Sonja zaps a wand.
Your mind is blasted!
You block the boulder beetle's attack.
You hit the boulder beetle.
You kill the boulder beetle!
Sonja zaps a wand.
You resist with significant effort.
Sonja throws a curare-tipped dart.
The curare-tipped dart barely misses you.
Sonja misses you. You block Sonja's attack. Sonja completely misses you.
You block Sonja's attack.
Sonja hits you with a +0 dagger of distortion.
* * * LOW HITPOINT WARNING * * *
Space warps around you.
* * * LOW HITPOINT WARNING * * *
You block Sonja's attack.
You completely miss Sonja. You block Sonja's attack. x2
Sonja hits you with a +0 dagger of distortion.
* * * LOW HITPOINT WARNING * * *
Space warps around you.
* * * LOW HITPOINT WARNING * * *
Sonja hits you but does no damage. You block Sonja's attack. x2
You draw... (choose one card, ? for their descriptions) a - Velocity
b - the Tomb
c - the Elixir You have drawn the Elixir.
You begin rapidly regenerating health and magic.
You block Sonja's attack.
Sonja hits you with a +0 dagger of distortion.
* * * LOW HITPOINT WARNING * * *
Sonja hits you with a +0 dagger of distortion.
* * * LOW HITPOINT WARNING * * *
Space warps horribly around you!!
You die...
Your body glows with a rainbow of weird colours and disappears.

##.#.#.#.#.#.#.#.. #.
#.#...#...#...#.# # #.
##.#.#.#.#.#.#.##.# #
#.###...#...#.?.#...#.##
#.##....#.#.#.#.#.#.#.#....
.!.B.#.#...#...#...#.#
#..○##.#.#.#.#.#.#.##
#...#...#...#...#[..#
#...#.#@#.#.#.#.#.##
#....#..K#...#...#.#
#†..)†#.#.#.#.#.#.##
#.†##†###..######.# ...†.
... ##.# #.# ..#.††#.#.
#.######.######
8.#.......................
.. #.> ... ...#####.#######
###.... ### #.#


You could see Sonja.

Vanquished Creatures
  A boulder beetle (D:11)
  A two-headed ogre (D:11)
  A gargoyle (D:6)
  A komodo dragon (D:11)
  A hornet (D:8)
  2 trolls
  Prince Ribbit (D:8)
  Sigmund (D:3)
  A culicivora (D:10)
  2 shadows
  5 yaks (D:11)
  3 steam dragons (D:7)
  2 vampire mosquitoes (D:10)
  2 acid dragons
  A floating eye (D:7)
  A water moccasin (D:8)
  5 black bears
  An ice beast (D:5)
  2 orc warriors
  A sky beast (D:7)
  2 centaurs
  2 ogres
  A phantom (D:7)
  2 kobold brigands
  3 bullfrogs
  2 gnoll sergeants
  4 necrophages
  6 wights
  16 killer bees
  3 howler monkeys
  A bullfrog zombie (D:4)
  2 hounds
  A human zombie (D:4)
  6 jellies
  2 orc priests (D:8)
  Crazy Yiuf (D:3)
  Jessica (D:2)
  A gnoll bouda (D:8)
  5 orc wizards
  Natasha (thrice) (D:3)
  2 iguanas
  A hound zombie (D:4)
  2 mummies (D:4)
  11 gnolls
  5 adders
  2 white imps
  2 adder zombies (D:4)
  A worm (D:2)
  22 orcs
  5 endoplasms
  4 giant cockroaches
  4 goblins
  9 hobgoblins
  3 jackals (D:2)
  5 quokkas
  6 ball pythons
  4 bats
  A frilled lizard (D:1)
  16 kobolds
  A quokka zombie (D:4)
  14 rats
219 creatures vanquished.

Vanquished Creatures (collateral kills)
  A hornet (D:10)
  A vampire mosquito (D:10)
  An acid dragon (D:9)
  A kobold brigand (D:8)
  A gnoll sergeant (D:6)
  7 killer bees
  3 gnolls (D:6)
  A shadow imp (D:8)
  7 goblins (D:2)
  A hobgoblin (D:2)
24 creatures vanquished.

Vanquished Creatures (others)
  A scorpion (D:7)
  An orc (D:7)
  A kobold (D:8)
3 creatures vanquished.

Grand Total: 246 creatures vanquished

Notes
Turn   | Place    | Note
-------+----------+-------------------------------------------
     0 | D:1      | purpskrrrp the Formicid Fighter began the quest for the
                  | Orb.
     0 | D:1      | Reached XP level 1. HP: 18/18 MP: 1/1
   164 | D:1      | Reached XP level 2. HP: 16/24 MP: 2/2
   642 | D:1      | Found a faded altar of an unknown god.
  1174 | D:1      | Prayed at the altar of an unknown god.
  1174 | D:1      | Became a worshipper of Nemelex Xobeh the Trickster
  1174 | D:1      | Reached * piety under Nemelex Xobeh
  1229 | D:2      | Reached XP level 3. HP: 12/29 MP: 3/3
  1453 | D:2      | Received a gift from Nemelex Xobeh
  1611 | D:2      | Reached XP level 4. HP: 30/37 MP: 4/4
  1619 | D:2      | Reached skill level 5 in Shields
  1768 | D:2      | Noticed Jessica
  1773 | D:2      | Killed Jessica
  2131 | D:2      | Reached ** piety under Nemelex Xobeh
  2224 | D:2      | Reached XP level 5. HP: 37/42 MP: 5/5
  2569 | D:3      | Received a gift from Nemelex Xobeh
  2613 | D:3      | Noticed Sigmund
  2622 | D:3      | Identified the +0 quarterstaff "Wourr" {venom, *Rage rN+++
                  | Will+ Dex+4}
  2636 | D:3      | Killed Sigmund
  2637 | D:3      | Reached skill level 6 in Shields
  2637 | D:3      | Reached skill level 1 in Invocations
  2637 | D:3      | Reached XP level 6. HP: 13/48 MP: 5/7
  2875 | D:3      | Found a runed translucent door.
  2876 | D:3      | Noticed Crazy Yiuf
  2939 | D:3      | Noticed Natasha
  2946 | D:3      | Killed Natasha
  3294 | D:3      | Found a shadowy altar of Dithmenos.
  3381 | D:3      | Noticed Natasha
  3387 | D:3      | Killed Natasha
  3876 | D:3      | Noticed Natasha
  3884 | D:3      | Killed Natasha
  4130 | D:3      | Killed Crazy Yiuf
  4131 | D:3      | Reached XP level 7. HP: 52/55 MP: 8/8
  4331 | D:4      | Received a gift from Nemelex Xobeh
  4707 | D:4      | Identified the +1 leather armour "Avvodo" {rElec rCorr}
  4910 | D:4      | Reached skill level 7 in Shields
  4922 | D:4      | Found a staircase to the Ecumenical Temple.
  4994 | D:4      | Reached *** piety under Nemelex Xobeh
  5164 | D:4      | Reached skill level 5 in Armour
  5176 | D:4      | Reached skill level 5 in Fighting
  5176 | D:4      | Reached XP level 8. HP: 31/60 MP: 10/10
  5352 | D:4      | Found a basalt altar of Yredelemnul.
  5375 | D:4      | Reached skill level 8 in Shields
  5547 | D:5      | Entered Level 5 of the Dungeon
  5590 | D:5      | Received a gift from Nemelex Xobeh
  5764 | D:5      | Found a glowing silver altar of Zin.
  5852 | D:5      | Received a gift from Nemelex Xobeh
  5905 | D:5      | Found Niodeseu's Magic Scroll Emporium.
  6053 | D:5      | Identified the +6 war axe "Ykudukh" {drain, rPois rC+ Int+4
                  | Dex-2}
  6062 | D:5      | Reached skill level 1 in Dodging
  6528 | D:5      | Bought a scroll of identify for 22 gold pieces
  6862 | D:6      | Reached skill level 1 in Axes
  6872 | D:6      | Noticed a gargoyle
  6875 | D:6      | Killed a gargoyle
  6876 | D:6      | Reached skill level 9 in Shields
  6876 | D:6      | Reached XP level 9. HP: 69/69 MP: 12/12
  6885 | D:6      | Found a white marble altar of Elyvilon.
  6933 | D:6      | Reached **** piety under Nemelex Xobeh
  7583 | D:7      | Received a gift from Nemelex Xobeh
  7593 | D:7      | Reached skill level 5 in Invocations
  7696 | D:7      | Reached skill level 10 in Shields
  7882 | D:7      | Identified the -2 quarterstaff of Blood-Lust {pain, Int+6}
  8278 | D:7      | Noticed a two-headed ogre
  8283 | D:7      | Reached XP level 10. HP: 41/77 MP: 14/14
  8283 | D:7      | a two-headed ogre changed into a floating eye
  8535 | D:7      | Reached skill level 11 in Shields
  9136 | D:8      | Noticed Prince Ribbit
  9148 | D:8      | Killed Prince Ribbit
  9149 | D:8      | Identified the -2 quarterstaff "Ogreslayer" {vorpal, Str+4}
  9587 | D:8      | Reached skill level 12 in Shields
  9616 | D:8      | Received a gift from Nemelex Xobeh
  9736 | D:8      | Found Ylegiet's Tremendous Tomes.
 10098 | D:9      | Received a gift from Nemelex Xobeh
 10335 | D:9      | Reached ***** piety under Nemelex Xobeh
 10379 | D:9      | Received a gift from Nemelex Xobeh
 10693 | D:9      | Found a staircase to the Orcish Mines.
 10851 | D:9      | Noticed a kobold demonologist
 10851 | D:9      | Noticed a kobold demonologist
 10854 | D:9      | Noticed a rust devil
 10862 | D:9      | Noticed a rust devil
 10862 | D:9      | Noticed an orange demon
 10866 | D:9      | a rust devil changed into an orange demon
 10866 | D:9      | Noticed an orange demon
 10866 | D:9      | a rust devil changed into a red devil
 10866 | D:9      | a kobold demonologist changed into a bullfrog
 10866 | D:9      | an orange demon changed into a hellwing
 10866 | D:9      | a kobold demonologist changed into a worm
 10867 | D:9      | an orange demon changed into a hellwing
 10867 | D:9      | a red devil changed into a rust devil
 10867 | D:9      | Noticed a rust devil
 10878 | D:9      | Reached XP level 11. HP: 53/85 MP: 16/16
 11450 | D:10     | Entered Level 10 of the Dungeon
 11469 | D:10     | Reached skill level 5 in Axes
 11826 | D:10     | Noticed Erica
 11835 | D:10     | Erica changed into Erica the culicivora
 11835 | D:10     | Noticed Erica
 11873 | D:10     | Killed Erica the culicivora
 11874 | D:10     | Reached skill level 13 in Shields
 12178 | D:10     | Found a burning altar of Makhleb.
 12179 | D:10     | Found an iron altar of Okawaru.
 12179 | D:10     | Found a snail-covered altar of Cheibriados.
 12180 | D:10     | Found a blossoming altar of Fedhas.
 12350 | D:10     | Found a staircase to the Lair.
 12963 | D:11     | Noticed a boulder beetle
 12989 | D:11     | Noticed a two-headed ogre
 12997 | D:11     | Killed a two-headed ogre
 12998 | D:11     | Noticed Sonja
 13002 | D:11     | Killed a boulder beetle
 13005 | D:11     | Slain by Sonja

Illustrated notes

Levels and vault maps discovered:
D:1:      erik_arrival_blinker_ship, layout_basic,
          hellmonk_ecumenical_altar_pennies_from_heaven
D:2:      cheibrodos_greedy_goblins, layout_basic, minmay_rat_gold_closets,
          uniq_jessica
D:3:      mumra_celtic_spiral_tile, layout_basic, lemuel_round_altar,
          minmay_crystal_water, skrybe_limestone_x, uniq_natasha, uniq_sigmund,
          uniq_crazy_yiuf_cottage
D:4:      layout_loops_ring, lemuel_mausoleum_altar_yredelemnul, temple_hall,
          solitary_fountain, kennysheep_generic_room_13
D:5:      layout_loops_corners, general_overflow_altar, serial_shops,
          nicolae_shop_crystal, hex_large
D:6:      layout_basic, elyvilon_altar_4
D:7:      layout_gridville, minmay_increasing_density
D:8:      layout_rooms, nicolae_shop_i_like_big_books, kennysheep_small_circle,
          uniq_prince_ribbit1
D:9:      layout_stronghold, orc_0_dummy
D:10:     layout_big_octagon, chequers_temple_overflow_statue_of_worship,
          lair_entry_dummy, minmay_tree_intersection, uniq_erica
D:11:     layout_loops_ring, grunt_ministairs_3, kennysheep_crisscross,
          uniq_lodul, uniq_sonja

Skill      XL: |  1  2  3  4  5  6  7  8  9 10 11 |
---------------+----------------------------------+-----
Shields        | 5 6 7 9 10 12 13 | 13.7
Fighting       | 4 5 6 7 8 |  8.5
Staves         | 3 4 |  4.3
Armour         | 4 5 6 |  6.4
Invocations    | 1 2 3 4 5 7 8 |  8.1
Dodging        | 1 3 4 |  4.4
Axes           | 1 3 4 6 |  6.7

Action                   |  1- 3 |  4- 6 |  7- 9 | 10-12 || total
-------------------------+-------+-------+-------+-------++-------
Melee: Quarterstaff      |    74 |    89 |   132 |       ||   295
       War axe           |       |       |    86 |   192 ||   278
Invok: Draw Summoning    |     1 |     1 |     2 |     5 ||     9
       Draw Destruction  |       |     2 |     3 |    12 ||    17
       Triple Draw       |       |       |       |     2 ||     2
 Abil: Dig               |     1 |       |       |     1 ||     2
  Use: Scroll            |     2 |     5 |     6 |     5 ||    18
       Potion            |       |     1 |       |     8 ||     9
 Stab: Confused          |       |       |     1 |       ||     1
       Paralysed         |       |       |     1 |       ||     1
       Distracted        |       |       |       |     1 ||     1
Armor: Scale mail        |    38 |    34 |       |       ||    72
       Chain mail        |       |       |    34 |       ||    34
       Leather armour    |       |       |    23 |    28 ||    51
Dodge: Dodged            |    40 |    23 |    70 |   190 ||   323
Block: Buckler           |    38 |    11 |       |       ||    49
       Tower shield      |       |    17 |   227 |   323 ||   567

Table legend: (Time is in decaauts)
 A = Elapsed time spent in this place.
 B = Non-inter-level travel time spent in this place.
 C = Inter-level travel time spent in this place.
 D = Time resting spent in this place.
 E = Time spent auto-exploring this place.
 F = Levels seen in this place.
 G = Mean time per level.
                   A        B        C        D        E       F      G
               +--------+--------+--------+--------+--------+-----+--------+
         Total |  13233 |  12439 |    794 |   2884 |   7792 |  11 | 1203.0 |
       Dungeon |  13233 |  12439 |    794 |   2884 |   7792 |  11 | 1203.0 |
               +--------+--------+--------+--------+--------+-----+--------+

Top non-repeatable levels by time:
     D:3: 1712 daAuts
     D:9: 1673 daAuts
     D:4: 1359 daAuts
     D:2: 1353 daAuts
     D:7: 1302 daAuts
     D:1: 1207 daAuts
    D:10: 1194 daAuts
     D:8: 1078 daAuts
     D:6: 1022 daAuts
     D:5: 1008 daAuts
    D:11: 322 daAuts
